 Dungeon Crawl Stone Soup version 0.32-a0-999-gfa1cc04b1d (webtiles) character file.

Game seed: 6320104842933777389

8771 shadizar the Thaumaturge (level 11, -14/78 HPs)
             Began as a Djinni Conjurer on Apr 24, 2024.
             Was a Priest of Makhleb.
             Killed from afar by a rime drake (33 damage)
             ... with an icy flash freeze
             ... on level 1 of the Lair of Beasts.
             The game lasted 00:08:12 (8750 turns).

shadizar the Thaumaturge (Djinni Conjurer)          Turns: 8750, Time: 00:08:12

Health: -14/78     AC:  7    Str:  6    XL:     11   Next: 62%
Gold:   438        EV: 18    Int: 23    God:    Makhleb [***...] SH:  5 Dex: 13

rFire   + + .        (no weapon)
rCold   x . .        i - +0 buckler
rNeg    . . .        x - +0 steam dragon scales
rPois   ∞            (no helmet)
rElec   .            (no cloak)
rCorr   .            h - +0 pair of gloves
SInv    +            (boots unavailable)
Will    +....        (no amulet)
Stlth   ++           q - ring of see invisible
HPRegen 0.33/turn    w - +5 ring of evasion

%: infuse magic (-15 HP)
@: flying
A: sickness immunity, fire resistance 2, cold vulnerability 1, float, innate
caster, HP casting, extra vitality 1
a: Renounce Religion, Minor Destruction, Lesser Servant of Makhleb


You were on level 1 of the Lair of Beasts.
You worshipped Makhleb.
Makhleb was most pleased with you.
You visited 3 branches of the dungeon, and saw 10 of its levels.

You collected 438 gold pieces.

Inventory:

Armour
 a - a +0 robe
 h - a +0 pair of gloves (worn)
 i - a +0 buckler (worn)
 x - +0 steam dragon scales (worn)
Jewellery
 q - a ring of see invisible (left hand)
 w - a +5 ring of evasion (right hand)
Wands
 t - a wand of acid (14)
 A - a wand of flame (30)
Scrolls
 c - 2 scrolls of fog {unknown}
 d - 3 scrolls of blinking {unknown}
 g - 2 scrolls of enchant armour {unknown}
 j - 5 scrolls of enchant weapon {unknown}
 k - a scroll of brand weapon {unknown}
 n - a scroll of poison {unknown}
 o - 2 scrolls of amnesia {unknown}
 p - 2 scrolls of noise {unknown}
 s - a scroll of vulnerability {unknown}
 u - a scroll of fear {unknown}
 y - 2 scrolls of torment {unknown}
 B - a scroll of immolation {unknown}
 C - 2 scrolls of teleportation {unknown}
 D - 2 scrolls of identify {unknown}
Potions
 b - 2 potions of attraction {unknown}
 e - a potion of brilliance {unknown}
 f - a potion of heal wounds {unknown}
 l - a potion of mutation {unknown}
 m - a potion of ambrosia {unknown}
 r - a potion of might {unknown}
 v - 2 potions of curing {unknown}
 z - a potion of haste {unknown}
 E - a potion of lignification {unknown}
 F - a potion of degeneration {unknown}


   Skills:
 + Level 6.8 Fighting
 + Level 6.8 Armour
 + Level 7.9 Dodging
 - Level 1.5 Stealth
 + Level 6.8 Shields
 + Level 9.1 Spellcasting
 + Level 9.1 Conjurations
 + Level 9.1 Hexes
 + Level 9.1 Summonings
 + Level 9.1 Necromancy
 + Level 9.1 Translocations
 + Level 9.1 Fire Magic
 + Level 9.1 Ice Magic
 + Level 9.1 Air Magic
 + Level 9.1 Earth Magic
 + Level 9.1 Alchemy


You knew the following spells:

 Your Spells              Type           Power      Damage    Failure   Level
a - Magic Dart            Conj           100%       1d8       1%          1
b - Searing Ray           Conj           100%       2d8       1%          2
c - Fulminant Prism       Conj/Alch      25%        3d14      2%          4
d - Iskenderun's Mystic   Conj/Tloc      51%        2d11      (+2d62%     4
e - Summon Small Mammal   Summ           100%       N/A       1%          1
f - Jinxbite              Hex            100%       N/A       1%          2
g - Confusing Touch       Hex            51%        N/A       1%          3
h - Maxwell's Portable P  Tloc           51%        2d(10-28) 1%          3
i - Sticky Flame          Fire/Alch      51%        2d9       2%          4
Your spell library was empty.

Dungeon Overview and Level Annotations

Branches:
Dungeon (8/15)             Temple (1/1) D:4            Lair (1/5) D:8

Altars:
Cheibriados
Dithmenos
Elyvilon
Fedhas
Gozag
Hepliaklqana
Makhleb
Nemelex Xobeh
Okawaru
Qazlal
Ru
Trog
Uskayaw
Wu Jian
Xom
Yredelemnul
Zin
The Shining One

Shops:
D:7 ?(*


Innate Abilities, Weirdness & Mutations

You are immune to sickness and miasma.
You are immune to poison.
Your flesh is very heat resistant. (rF++)
You are vulnerable to cold. (rC-)
You float through the air rather than walking.
You learn spells naturally, not from books.
Your magical power is your life essence.
You have superior vitality. (+4 MHP)


Message History

Casting: Magic Dart (safe; 1% risk of failure)
Confirm with . or Enter, or press ? or * to list all spells.
You erupt in a blast of force!
The mystic blast hits the komodo dragon!
The komodo dragon is severely wounded.
The komodo dragon misses you.
A yak comes into view.
Unknown command.
The magic dart hits the komodo dragon.
The komodo dragon is severely wounded.
The komodo dragon bites you!!
Casting: Magic Dart (safe; 1% risk of failure)
Confirm with . or Enter, or press ? or * to list all spells.
You erupt in a blast of force!
The mystic blast hits the komodo dragon!
The komodo dragon is almost dead.
The komodo dragon is knocked back by the mystic blast.
A rime drake comes into view.
A yak comes into view.
Unknown command.
You are too injured to fight recklessly!
Casting: Iskenderun's Mystic Blast (dangerous; 2% risk of failure)
Confirm with . or Enter, or press ? or * to list all spells.
You erupt in a blast of force!
The mystic blast hits the komodo dragon but does no damage.
The komodo dragon is almost dead.
The komodo dragon bites you!!
* * * LOW HITPOINT WARNING * * *
A yak comes into view.
Unknown command.
Casting: Iskenderun's Mystic Blast (dangerous; 2% risk of failure)
Confirm with . or Enter, or press ? or * to list all spells.
You erupt in a blast of force!
The mystic blast hits the komodo dragon!
You kill the komodo dragon!
Makhleb accepts your kill.
You feel better.
* * * LOW HITPOINT WARNING * * *
The rime drake breathes ice at you. The icy flash freeze hits you!!
You feel a painful chill!
You die...

### ###### ### ##
###.###.##.###.######.#.
...†....................
...................:....
........................
........................
.....................k.Y
................@...Y.Y.
.##...###...............
###..## ###.##..######..
# .### #######


You could see 3 yaks and a rime drake (catching breath).

Vanquished Creatures
  A two-headed ogre (D:8)
  A black mamba (Lair:1)
  An elephant (D:8)
  Maggie (D:7)
  A cane toad (Lair:1)
  3 komodo dragons (Lair:1)
  2 wyverns (Lair:1)
  13 yaks
  A steam dragon (D:6)
  3 basilisks
  6 water moccasins
  3 orc warriors
  An ice beast (D:6)
  A sky beast (D:8)
  A black bear (D:8)
  An ogre (D:6)
  3 centaurs
  3 kobold brigands
  2 gnoll sergeants (D:8)
  4 bullfrogs
  3 scorpions
  9 wights
  3 killer bees (D:8)
  6 howler monkeys
  A hound (D:5)
  3 jellies
  2 orc priests
  2 gnoll boudas
  Terence (D:3)
  2 iguanas (D:5)
  6 orc wizards
  5 adders
  13 gnolls
  A shadow imp (D:5)
  A white imp (D:8)
  An ufetubus (D:5)
  2 dart slugs (D:2)
  A ribbon worm (D:3)
  25 orcs
  3 endoplasms
  5 goblins
  5 hobgoblins
  A quokka (D:2)
  6 ball pythons
  5 bats
  A frilled lizard (D:1)
  17 kobolds
  3 rats
185 creatures vanquished.

Vanquished Creatures (others)
  7 fulminant prisms
7 creatures vanquished.

Grand Total: 192 creatures vanquished

Notes
Turn   | Place    | Note
-------+----------+-------------------------------------------
     0 | D:1      | shadizar the Djinni Conjurer began the quest for the Orb.
     0 | D:1      | shadizar set off with the following spells memorised: Magic
                  | Dart, Searing Ray, Fulminant Prism, Iskenderun's Mystic
                  | Blast.
     0 | D:1      | Reached XP level 1. HP: 15/15 MP: 0/0
    98 | D:1      | Found a faded altar of an unknown god.
   408 | D:2      | Reached XP level 2. HP: 19/21 MP: 0/0
   743 | D:2      | Reached XP level 3. HP: 24/25 MP: 0/0
   743 | D:2      | Learned a level 1 spell: Summon Small Mammal
  1051 | D:3      | Noticed Terence
  1056 | D:3      | Killed Terence
  1057 | D:3      | Reached XP level 4. HP: 10/31 MP: 0/0
  1887 | D:4      | Found a staircase to the Ecumenical Temple.
  2006 | D:4      | Noticed a centaur
  2135 | D:4      | Killed a centaur
  2136 | D:4      | Reached skill level 5 in Spellcasting
  2136 | D:4      | Reached skill level 5 in Conjurations
  2136 | D:4      | Reached skill level 5 in Hexes
  2136 | D:4      | Reached skill level 5 in Summonings
  2136 | D:4      | Reached skill level 5 in Necromancy
  2136 | D:4      | Reached skill level 5 in Translocations
  2136 | D:4      | Reached skill level 5 in Fire Magic
  2136 | D:4      | Reached skill level 5 in Ice Magic
  2136 | D:4      | Reached skill level 5 in Air Magic
  2136 | D:4      | Reached skill level 5 in Earth Magic
  2136 | D:4      | Reached skill level 5 in Alchemy
  2136 | D:4      | Reached XP level 5. HP: 25/35 MP: 0/0
  2136 | D:4      | Learned a level 2 spell: Jinxbite
  2228 | D:4      | Reached XP level 6. HP: 37/40 MP: 0/0
  2555 | D:4      | Identified the +0 dagger "Reobre Dusch" {freeze, Int+2
                  | SInv}
  2850 | Temple   | Entered the Ecumenical Temple
  2867 | Temple   | Became a worshipper of Makhleb the Destroyer
  2908 | D:5      | Entered Level 5 of the Dungeon
  3369 | D:5      | Reached XP level 7. HP: 32/45 MP: 0/0
  3369 | D:5      | Learned a level 3 spell: Confusing Touch
  3532 | D:5      | Found the +8 whip "Snakebite" {venom, curare, rPois}
  3993 | D:6      | Noticed a steam dragon
  4003 | D:6      | Killed a steam dragon
  4062 | D:6      | Reached XP level 8. HP: 34/50 MP: 0/0
  4229 | D:6      | Reached * piety under Makhleb
  4953 | D:7      | Noticed a yak
  4960 | D:7      | Reached skill level 1 in Fighting
  4960 | D:7      | Reached skill level 1 in Armour
  4960 | D:7      | Reached skill level 1 in Shields
  4960 | D:7      | Noticed a yak
  4961 | D:7      | Noticed a yak
  4961 | D:7      | Noticed a yak
  4963 | D:7      | Noticed a yak
  4964 | D:7      | Killed a yak
  4967 | D:7      | Reached XP level 9. HP: 29/58 MP: 0/0
  4967 | D:7      | Learned a level 3 spell: Maxwell's Portable Piledriver
  5425 | D:7      | Found Xelacw Wyos's Weapon Shoppe.
  5629 | D:7      | Reached ** piety under Makhleb
  5902 | D:7      | Noticed Maggie
  5912 | D:7      | Killed Maggie
  5913 | D:7      | Reached skill level 5 in Dodging
  6190 | D:7      | Found Anlim's Magic Scroll Shoppe.
  6201 | D:7      | Found Gagohe Kutidgh's General Store.
  6552 | D:8      | Reached XP level 10. HP: 59/67 MP: 0/0
  6670 | D:8      | Noticed an elephant
  6822 | D:8      | Killed an elephant
  7111 | D:8      | Reached skill level 5 in Fighting
  7111 | D:8      | Reached skill level 5 in Armour
  7111 | D:8      | Reached skill level 5 in Shields
  7303 | D:8      | Found a staircase to the Lair.
  7322 | D:8      | Reached *** piety under Makhleb
  7334 | D:8      | Noticed a two-headed ogre
  7344 | D:8      | Killed a two-headed ogre
  7730 | D:8      | Reached XP level 11. HP: 72/76 MP: 0/0
  7730 | D:8      | Learned a level 4 spell: Sticky Flame
  8130 | Lair:1   | Entered Level 1 of the Lair of Beasts
  8750 | Lair:1   | Killed from afar by a rime drake

Illustrated notes

Levels and vault maps discovered:
D:1:      saegor_arrival_simple_c, layout_rooms,
          chequers_ecumenical_altar_twisty, corexii_item_surrounded_by_moat
D:2:      layout_rooms, serial_corexii_hall, corexii_hall_statues_s,
          corexii_hall_statues_l, corexii_hall_statues_x,
          corexii_hall_statues_u, minmay_pentomino_p2
D:3:      layout_basic, uniq_terence
D:4:      layout_basic, minmay_temple_entry_grid
D:5:      layout_loops_ring, minmay_checkerbox
D:6:      layout_basic
D:7:      layout_layer_cave, serial_shops, shop, shop,
          nicolae_shop_tiny_statue_garden, roderic_lattice_a, uniq_maggie
D:8:      nicolae_hitomezashi [nicolae_hito_row, nicolae_hito_row,
          nicolae_hito_row, nicolae_hito_row, nicolae_hito_row,
          nicolae_hito_row, nicolae_hito_row, nicolae_hito_row,
          nicolae_hito_row, nicolae_hito_row, nicolae_hito_row,
          nicolae_hito_row, nicolae_hito_row, nicolae_hito_row,
          nicolae_hito_row, nicolae_hito_row, nicolae_hito_row,
          nicolae_hito_row], layout_cave_pools, david_lair_generic,
          grunt_potential
Temple:   nicolae_temple_bog_church
Lair:1:   layout_hall_layers, grunt_megastairs_5

Skill      XL: |  1  2  3  4  5  6  7  8  9 10 11 |
---------------+----------------------------------+-----
Spellcasting   | 4 5 6 7 8 9 |  9.1
Conjurations   | 4 5 6 7 8 9 |  9.1
Hexes          | 4 5 6 7 8 9 |  9.1
Summonings     | 4 5 6 7 8 9 |  9.1
Necromancy     | 4 5 6 7 8 9 |  9.1
Translocations | 4 5 6 7 8 9 |  9.1
Fire Magic     | 4 5 6 7 8 9 |  9.1
Ice Magic      | 4 5 6 7 8 9 |  9.1
Air Magic      | 4 5 6 7 8 9 |  9.1
Earth Magic    | 4 5 6 7 8 9 |  9.1
Alchemy        | 4 5 6 7 8 9 |  9.1
Fighting       | 1 4 5 6 |  6.8
Armour         | 1 4 5 6 |  6.8
Shields        | 1 4 5 6 |  6.8
Dodging        | 3 5 6 7 |  7.9
Stealth        | |  1.5

Action                     |  1- 3 |  4- 6 |  7- 9 | 10-12 || total
---------------------------+-------+-------+-------+-------++-------
  Melee: Unarmed           |       |       |     1 |     1 ||     2
   Cast: Magic Dart        |    41 |    90 |    99 |   128 ||   358
         Searing Ray       |     1 |     1 |     1 |       ||     3
         Iskenderun's Myst |       |     7 |    47 |    98 ||   152
         Fulminant Prism   |       |       |     2 |     5 ||     7
 Armour: Robe              |     3 |    13 |    13 |       ||    29
         Steam dragon scal |       |       |     1 |    34 ||    35
  Dodge: Dodged            |     1 |    13 |    19 |    46 ||    79
  Block: Buckler           |       |     6 |     8 |    14 ||    28

Table legend: (Time is in decaauts)
 A = Elapsed time spent in this place.
 B = Non-inter-level travel time spent in this place.
 C = Inter-level travel time spent in this place.
 D = Time resting spent in this place.
 E = Time spent auto-exploring this place.
 F = Levels seen in this place.
 G = Mean time per level.
                   A        B        C        D        E       F      G
               +--------+--------+--------+--------+--------+-----+--------+
         Total |   8757 |   8514 |    243 |      0 |   7387 |  10 |  875.7 |
       Dungeon |   8360 |   8151 |    209 |      0 |   7131 |   8 | 1045.0 |
        Temple |     34 |      1 |     33 |      0 |      0 |   1 |   34.0 |
          Lair |    361 |    361 |      0 |      0 |    256 |   1 |  361.0 |
               +--------+--------+--------+--------+--------+-----+--------+

Top non-repeatable levels by time:
     D:7: 1885 daAuts
     D:6: 1353 daAuts
     D:8: 1241 daAuts
     D:5: 1006 daAuts
     D:3: 960 daAuts
     D:4: 931 daAuts
     D:2: 610 daAuts
     D:1: 371 daAuts
  Lair:1: 361 daAuts
  Temple: 34 daAuts
